 Dungeon Crawl Stone Soup version 0.20-a0-1126-g0f15420 (webtiles) character file.

766 AlphabetPasta the Chiller (level 7, -8/50 HPs)
             Began as a Grey Draconian Ice Elementalist on May 17, 2017.
             Was a Follower of Sif Muna.
             Mangled by an ogre
             ... wielding a +0 giant club
              (10 damage)
             ... on level 5 of the Dungeon.
             The game lasted 00:19:02 (4269 turns).

AlphabetPasta the Chiller (DrIE)                    Turns: 4269, Time: 00:19:02

Health: -8/50      AC: 11    Str: 10    XL:     7   Next: 52%
Magic:  2/13       EV: 12    Int: 18    God:    Sif Muna [*.....]
Gold:   171        SH:  0    Dex: 11    Spells: 4/14 levels left

rFire    . . .     SeeInvis .   n - +1 falchion (elec)
rCold    . . .     Gourm    .   (no shield)
rNeg     . . .     Faith    .   (armour unavailable)
rPois    .         Spirit   .   (helmet restricted)
rElec    .         Reflect  .   (no cloak)
rCorr    .         Harm     .   (no gloves)
MR       .....                  (no boots)
Stlth    +.........             (no amulet)
Regen    0.2/turn               i - ring of loudness (curse)
MPRegen  0.2/turn               (no ring)

@: no status effects
A: walk through water, unfitting armour, unbreathing, cold-blooded, AC +11
a: Divine Energy, Renounce Religion


You were on level 5 of the Dungeon.
You worshipped Sif Muna.
Sif Muna was aware of your devotion.
You were hungry.

You visited 1 branch of the dungeon, and saw 7 of its levels.

You collected 171 gold pieces.

Inventory:

Hand Weapons
 g - a +0 hand axe
 l - a +2 dagger of venom
 n - a +1 falchion of electrocution (weapon)
Jewellery
 i - a cursed ring of loudness (left hand)
Scrolls
 c - 2 scrolls of identify
 k - 2 scrolls of remove curse
Potions
 d - a potion of flight
Books
 a - a book of Frost

   Spells                             Type                      Level
   a - Freeze                         Ice                          1
   b - Throw Frost                    Conjuration/Ice              2
   c - Ozocubu's Armour               Charms/Ice                   3
   d - Throw Icicle                   Conjuration/Ice              4
   e - Summon Ice Beast               Ice/Summoning                4
Comestibles
 b - 2 bread rations
 h - 2 meat rations
 m - 4 fruits


   Skills:
 - Level 1.7 Dodging
 - Level 1.7 Stealth
 + Level 4.1 Spellcasting
 + Level 3.2 Conjurations
 * Level 6.3 Ice Magic
 + Level 3.4 Invocations


You had 4 spell levels left.
You knew the following spells:

 Your Spells              Type           Power        Failure   Level  Hunger
a - Freeze                Ice            ####         1%          1    None
b - Throw Frost           Conj/Ice       ###...       3%          2    ##.....
c - Ozocubu's Armour      Chrm/Ice       ###.....     12%         3    ###....
d - Throw Icicle          Conj/Ice       ###.....     21%         4    ####...


Dungeon Overview and Level Annotations

Branches:
Dungeon (7/15)             Temple (0/1) D:5

Altars:
Cheibriados
Elyvilon
Ru
Sif Muna
Zin

Annotations:
D:6 JaminCrawler's ghost, novice MiBe


Innate Abilities, Weirdness & Mutations

You can walk through water.
Your dull iron-grey scales are very hard. (AC +11)
You cannot fit into any form of body armour.
You can survive without breathing.
You are cold-blooded and may be slowed by cold attacks.


Message History

Casting: Freeze
Confirm with . or Enter, or press ? or * to list all spells.
Aiming: Throw Icicle
Press: ? - help, Shift-Dir - straight line, f - ogre
Aim: an ogre, wielding a giant club The shard of ice hits the ogre.
The ogre is lightly wounded.
You are feeling hungry.
You hear an angry hiss.
The ogre hits you with a giant club!
* * * LOW HITPOINT WARNING * * *
Casting: Throw Icicle
Confirm with . or Enter, or press ? or * to list all spells.
Aiming: Throw Icicle
Press: ? - help, Shift-Dir - straight line, f/p - ogre
Aim: an ogre, wielding a giant club (lightly wounded)
The shard of ice hits the ogre.
The ogre is severely wounded.
The ogre hits you with a giant club!
You die...

**,,,,,,,,,,,,,,+>,,,*****,*
**,********,*****,,,,*****,* **,*
*,,,>,,,,,**,,,,,*,* **,*
*,*,*****,*****#.#.##****
**,******,*,,,,,,,* #.#...,,,,
,,,,,,,,,,*,,,####*#####.#.###*##
,*,,,,,,,,,<,,,..# #.........,..,
,*,,,,,,,,,,*,*#.# #.......#,.#**
,*,*,**+**,,*,*#@# #.......#..#,,
,*,,,*,,,*,,,,*#O###.....#....#,*
,*,,,*,∩,+,,,,##.#............#,*
,*,*,*,,,*,,,*#....O.....######,*
,*,*,**+**,***#..........#,,,,,,,
**,,,,,,,,,* #..........#*,*****
*,,,,****** #..........#*,*
**,**** #..........#*,* ,,,*
#.....####.#*,*


You could see an ogre.

Vanquished Creatures
  An orc warrior (D:7)
  A sky beast (D:7)
  A black bear (D:7)
  A scorpion (D:7)
  2 howler monkeys
  2 orc wizards (D:7)
  Jessica (D:3)
  An iguana (D:4)
  3 worker ants
  A worm (D:2)
  3 dart slugs
  2 leopard geckos (D:3)
  2 orcs
  A ball python (D:2)
  5 giant cockroaches
  10 goblins
  12 hobgoblins
  12 jackals
  A quokka (D:4)
  6 bats
  5 frilled lizards
  7 kobolds
  A leopard gecko skeleton (D:4)
  8 rats
89 creatures vanquished.

Vanquished Creatures (others)
  A hippogriff (D:7)
  A hound skeleton (D:7)
2 creatures vanquished.

Grand Total: 91 creatures vanquished

Notes
Turn   | Place    | Note
-------+----------+-------------------------------------------
     0 | D:1      | AlphabetPasta the Draconian Ice Elementalist began the quest for the Orb.
     0 | D:1      | Reached XP level 1. HP: 14/14 MP: 3/3
   322 | D:1      | Reached XP level 2. HP: 18/20 MP: 0/5
   326 | D:1      | Learned a level 2 spell: Throw Frost
  1000 | D:2      | Reached XP level 3. HP: 26/26 MP: 3/6
  1005 | D:2      | Learned a level 3 spell: Ozocubu's Armour
  1212 | D:2      | Found a glowing silver altar of Zin.
  1403 | D:2      | Learned a level 3 spell: Ozocubu's Armour
  1708 | D:2      | Reached skill level 4 in Ice Magic
  2291 | D:3      | Found a deep blue altar of Sif Muna.
  2300 | D:3      | Became a worshipper of Sif Muna the Loreminder
  2473 | D:3      | Reached XP level 4. HP: 33/33 MP: 4/8
  2666 | D:3      | Noticed Jessica
  2669 | D:3      | Killed Jessica
  3305 | D:4      | Reached skill level 1 in Invocations
  3305 | D:4      | Reached XP level 5. HP: 18/38 MP: 4/9
  3314 | D:4      | Learned a level 4 spell: Throw Icicle
  3373 | D:4      | Reached * piety under Sif Muna
  3524 | D:4      | Found a white marble altar of Elyvilon.
  3524 | D:4      | Found a sacrificial altar of Ru.
  3525 | D:4      | Found a snail-covered altar of Cheibriados.
  3534 | D:4      | You fall through a shaft for 3 floors!
  3534 | D:7      | Noticed a sky beast
  3540 | D:7      | Killed a sky beast
  3540 | D:7      | Reached skill level 5 in Ice Magic
  3540 | D:7      | Reached XP level 6. HP: 19/45 MP: 3/11
  3611 | D:6      | Noticed JaminCrawler's ghost (novice MiBe)
  3798 | D:7      | Noticed a hippogriff
  4089 | D:7      | Noticed an orc warrior
  4099 | D:7      | Noticed a hippogriff
  4107 | D:7      | Killed an orc warrior
  4107 | D:7      | Your scales start taking on a dull iron-grey colour.
  4107 | D:7      | Reached XP level 7. HP: 33/50 MP: 4/12
  4107 | D:7      | Gained mutation: You can survive without breathing. [Grey Draconian growth]
  4113 | D:7      | Killed a hippogriff
  4113 | D:7      | Reached skill level 6 in Ice Magic
  4154 | D:5      | Entered Level 5 of the Dungeon
  4268 | D:5      | HP: 2/50 [ogre/giant club (7)]
  4269 | D:5      | Mangled by an ogre

Vault maps used:
D:1:      dpeg_arrival_three_smaller_balls, hangedman_decor_opposing
D:2:      marbit_many_paths, minmay_misc_feat_doors
D:3:      lemuel_doored_altar, first_bread, minivault_19, uniq_jessica
D:4:      gammafunk_temple_overflow_claw, minmay_misc_feat_columns
D:5:      kennysheep_spiral_hall, minmay_temple_entry_crystal_x,
          enter_ossuary_2, uniq_grinder
D:6:      grunt_temple_overflow_bloody_war, overflow_temple_1_default,
          grunt_temple_overflow_diamond, serial_shops, shop, basic_altar
D:7:      tso_altar

Skill      XL: |  1  2  3  4  5  6  7 |
---------------+----------------------+-----
Ice Magic      | 4 5 6 |  6.3
Spellcasting   | 3 4 |  4.1
Invocations    | 1 2 3 |  3.4
Conjurations   | 2 3 |  3.2
Dodging        | |  1.7
Stealth        | |  1.7

Action                   |  1- 3 |  4- 6 |  7- 9 || total
-------------------------+-------+-------+-------++-------
Melee: Hand axe          |     4 |       |       ||     4
       Dagger            |     6 |       |       ||     6
       Falchion          |       |    15 |     9 ||    24
       Tailslap          |       |     3 |     2 ||     5
 Cast: Freeze            |    74 |    58 |    11 ||   143
       Throw Frost       |       |     6 |     2 ||     8
       Throw Icicle      |       |       |     2 ||     2
  Use: Scroll            |     8 |     7 |     2 ||    17
       Potion            |       |     1 |     1 ||     2
 Stab: Sleeping          |     2 |       |       ||     2
  Eat: Chunk             |     5 |     5 |       ||    10
       Fruit             |       |       |     1 ||     1
Armor: Skin              |    16 |    14 |    10 ||    40
Dodge: Dodged            |    39 |    36 |    26 ||   101
       Rpst.: Falchion   |       |    10 |     6 ||    16
